 Dungeon Crawl Stone Soup version 0.27.0-1-g7a089689b8 (webtiles) character file.

Game seed: 10007715951237137036

76 hilljack the Firebug (level 4, -6/24 HPs)
             Began as a Gargoyle Fire Elementalist on Aug 4, 2021.
             Was a Follower of Nemelex Xobeh.
             Killed from afar by Natasha (8 damage)
             ... with a magic dart
             ... on level 2 of the Dungeon.
             The game lasted 00:05:33 (2953 turns).

hilljack the Firebug (Gargoyle Fire Elementalist)   Turns: 2953, Time: 00:05:33

Health: -6/24      AC:  6    Str: 12    XL:     4   Next: 32%
Magic:  3/7        EV: 12    Int: 16    God:    Nemelex Xobeh [*.....]
Gold:   84         SH:  0    Dex: 10    Spells: 3/7 levels left

rFire    . . .     SeeInvis .   h - staff of earth
rCold    . . .     Faith    .   (no shield)
rNeg     + . .     Spirit   .   a - +1 robe
rPois    ∞         Reflect  .   (no helmet)
rElec    +         Harm     .   (no cloak)
rCorr    .         Rampage  .   (no gloves)
Will     .....                  (no boots)
Stlth    ++........             (no amulet)
HPRegen  0.08/turn              (no ring)
MPRegen  0.10/turn              (no ring)

@: slowed, very slow
A: sickness immunity, AC +3, negative energy resistance 1, electricity
resistance, torment resistance 1, petrification resistance
a: Renounce Religion, Draw Escape, Draw Destruction, Draw Summoning


You were on level 2 of the Dungeon.
You worshipped Nemelex Xobeh.
Nemelex Xobeh was aware of your devotion.
You visited 1 branch of the dungeon, and saw 4 of its levels.

You collected 84 gold pieces.

Inventory:

Hand Weapons
 f - a +0 spear
Missiles
 e - 71 stones
Armour
 a - a +1 robe (worn)
Magical Staves
 h - a staff of earth (weapon)
Scrolls
 b - 2 scrolls of magic mapping


   Skills:
 + Level 0.9 Fighting
 + Level 1.0 Armour
 + Level 1.9 Dodging
 - Level 2.1 Stealth
 + Level 2.2 Spellcasting
 * Level 2.2 Conjurations
 * Level 3.7 Fire Magic
 + Level 0.7 Invocations


You had 3 spell levels left.
You knew the following spells:

 Your Spells              Type           Power      Damage    Failure   Level
a - Foxfire               Conj/Fire      44%        2x1d6     6%          1
b - Conjure Flame         Conj/Fire      11%        6-21      19%         3

Your spell library contained the following spells:

 Spells                   Type           Power      Damage    Failure   Level
 Inner Flame              Hex/Fire       7%         N/A       28%         3
 Blink                    Tloc           N/A        N/A       30%         2
 Lesser Beckoning         Tloc           0%         N/A       52%         3
 Sticky Flame             Conj/Fire      11%        2d3       52%         4
 Fireball                 Conj/Fire      5%         3d5       86%         5
 Manifold Assault         Tloc           1%         N/A       99%         5


Dungeon Overview and Level Annotations

Branches:
Dungeon (4/15)
 Temple: D:4-7

Altars:
Nemelex Xobeh

Annotations:
D:2 Natasha


Innate Abilities, Weirdness & Mutations

You are immune to sickness and miasma.
Your stone body is resilient. (AC +3)
You are immune to poison.
You resist negative energy. (rN+)
You are resistant to electric shocks. (rElec)
You are resistant to unholy torment.
You are immune to petrification.


Message History

Press: ? - help, Q - select action, (/) - cycle Dir - look around, f - activate You conjure some foxfire!
Natasha mumbles some strange words.
The crimson imp blinks!
You hit Natasha but do no damage.
Natasha is heavily wounded.
The crimson imp disappears in a puff of smoke!
The foxfire hits Natasha.
Natasha is heavily wounded.
The foxfire hits Natasha.
Natasha is almost dead.
Natasha howls an incantation.
Natasha glows brightly for a moment.
Natasha barely misses you. Natasha claws you.
* * * LOW HITPOINT WARNING * * *
Casting: Foxfire (safe; 6% risk of failure)
Press: ? - help, Q - select action, (/) - cycle Dir - look around, f - activate You conjure some foxfire!
The foxfire hits the shadow imp.
The shadow imp is lightly wounded.
Natasha casts a spell.
Natasha stares at you and mumbles some strange words.
You feel as though you will be slow longer.
You closely miss Natasha.
Natasha is almost dead.
The foxfire hits the crimson imp.
The crimson imp completely resists.
The shadow imp hits you but does no damage.
Natasha stares at you and mumbles some strange words.
You feel as though you will be slow longer.
Casting: Foxfire (safe; 6% risk of failure)
Press: ? - help, Q - select action, (/) - cycle Dir - look around, f - activate Look: Natasha (almost dead)
You conjure some foxfire!
The shadow imp misses you. Natasha barely misses you.
The crimson imp barely misses you. The shadow imp closely misses you.
The crimson imp barely misses you.
Natasha stares at you and mumbles some strange words.
The magic dart hits you!
You die...
Your body disappears without a glow.

##########.....## #.#
#####.#.#.# ### #.#
#.....#...# #.. #§#
#.##......# #.# #5#
#.##.####.### #.# #§#
#....#..#...# #.# #§#
#..##.#..##.## #.# #§#
######..#)...#.#v5####.###§#
........#.#....#@h.....).5§#
##..##..##..#.##5###########
#..###...#..#......#
##..#####)####....#.#
................###.#
##.#####....##### #.#
##)########## #.# ........#
#.# ##.####># #.#


You could see Natasha, a crimson imp (summoned) and a shadow imp (summoned, ally
target).

Vanquished Creatures
  3 adders
  A worm (D:2)
  2 endoplasms (D:1)
  4 giant cockroaches
  3 goblins
  3 hobgoblins
  7 jackals
  4 quokkas
  3 ball pythons (D:2)
  A frilled lizard (D:1)
  7 kobolds
  4 rats
42 creatures vanquished.

Vanquished Creatures (others)
  63 foxfires
63 creatures vanquished.

Grand Total: 105 creatures vanquished

Notes
Turn   | Place    | Note
-------+----------+-------------------------------------------
     0 | D:1      | hilljack the Gargoyle Fire Elementalist began the quest for
                  | the Orb.
     0 | D:1      | Reached XP level 1. HP: 10/10 MP: 3/3
   288 | D:1      | Reached XP level 2. HP: 14/15 MP: 5/5
   490 | D:1      | Found a faded altar of an unknown god.
   511 | D:1      | Became a worshipper of Nemelex Xobeh the Trickster
   511 | D:1      | Reached * piety under Nemelex Xobeh
   511 | D:1      | Received a gift from Nemelex Xobeh
  1433 | D:1      | Reached XP level 3. HP: 20/20 MP: 6/6
  1437 | D:1      | Learned a level 3 spell: Conjure Flame
  2342 | D:2      | You fall into a shaft and drop 1 floor!
  2351 | D:3      | Reached skill level 1 in Armour
  2351 | D:3      | Reached XP level 4. HP: 7/24 MP: 3/7
  2910 | D:2      | Noticed Natasha
  2953 | D:2      | Killed from afar by Natasha

Illustrated notes

Levels and vault maps discovered:
D:1:      mushboom_english_gardens, layout_basic, shapermc_ecumenical_altar_gd
D:2:      layout_loops_ring, grunt_decor_clamped, minmay_hexomino_c4,
          uniq_natasha
D:3:      layout_rooms, minivault_23
D:4:      layout_rooms

Skill      XL: |  1  2  3 |
---------------+----------+-----
Conjurations   | 2 |  2.2
Armour         | 1 |  1.0
Fighting       | |  0.9
Dodging        | |  1.9
Stealth        | |  2.1
Spellcasting   | |  2.2
Fire Magic     | |  3.7
Invocations    | |  0.7

Action                   |  1- 3 |  4- 6 || total
-------------------------+-------+-------++-------
Melee: Short sword       |    96 |       ||    96
       Unarmed           |     8 |       ||     8
       Staff             |       |    22 ||    22
       Spear             |       |     8 ||     8
 Cast: Foxfire           |    36 |     7 ||    43
  Use: Scroll            |     4 |     1 ||     5
 Stab: Sleeping          |     5 |     1 ||     6
Armor: Robe              |    31 |    11 ||    42
Dodge: Dodged            |    71 |    37 ||   108
